 Dungeon Crawl Stone Soup version 0.18.1-48-g4cf74bf (webtiles) character file.

77 dohliylev the Covert (level 4, 0/33 HPs)
             Began as a Vampire Assassin on June 25, 2016.
             Slain by an iguana (9 damage)
             ... on level 3 of the Dungeon.
             The game lasted 00:07:37 (1699 turns).

dohliylev the Covert (Vampire Assassin)             Turns: 1699, Time: 00:07:38

Health: 0/33       AC:  5    Str: 10    XL:     4   Next: 14%
Magic:  4/4        EV: 12    Int: 13    God:
Gold:   147        SH:  0    Dex: 16    Spells: 0 memorised, 3 levels left

rFire  . . .     SeeInvis +     a - +2 dagger
rCold  + . .     Gourm    .     c - +0 robe
rNeg   + + .     Faith    .     (no shield)
rPois  +         Spirit   .     k - +0 helmet
rElec  .         Dismiss  .     d - +0 cloak
rCorr  .         Reflect  .     i - +0 pair of gloves
SustAt .         Harm     .     (no boots)
MR     .....                    (no amulet)
Stlth  +++++.....               (no ring)
                                (no ring)

@: regenerating slowly, not resistant to hostile enchantments, quite stealthy
A: fangs 3, see invisible, unbreathing
a: Bat Form


You were on level 3 of the Dungeon.
You were very thirsty.

You visited 1 branch of the dungeon, and saw 3 of its levels.

You collected 147 gold pieces.

Inventory:

Hand Weapons
 a - a +2 dagger (weapon)
 b - a +0 blowgun
Missiles
 e - 8 poisoned needles
 f - 2 curare-tipped needles
Armour
 c - a +0 robe (worn)
 d - a +0 cloak (worn)
 i - a +0 pair of gloves (worn)
 k - a +0 helmet (worn)
Scrolls
 h - 2 scrolls of fog {unknown}
 j - a scroll of amnesia {unknown}
 n - 2 scrolls of random uselessness {unknown}
Potions
 g - 27 potions of blood
 l - a potion of ambrosia {unknown}
 m - a potion of resistance {unknown}


   Skills:
 + Level 2.0 Fighting
 + Level 2.3 Short Blades
 + Level 1.6 Throwing
 + Level 1.3 Dodging
 * Level 8.2 Stealth


You had 3 spell levels left.
You didn't know any spells.

Dungeon Overview and Level Annotations

Branches:
Dungeon (3/15)

Altars:
Xom


Innate Abilities, Weirdness & Mutations

You heal slowly.
You have razor-sharp teeth.
You have supernaturally acute eyesight.
You can survive without breathing.


Message History

* * * LOW HITPOINT WARNING * * *
You hit the iguana. You bite the iguana, but do no damage.
The iguana is moderately wounded.
You hit the iguana.
The iguana is heavily wounded.
The iguana closely misses you.
You hit the iguana. You bite the iguana, but do no damage.
The iguana is heavily wounded.
The iguana barely misses you.
You hit the iguana but do no damage.
The iguana is heavily wounded.
The iguana closely misses you.
You hit the iguana. You bite the iguana.
You draw the iguana's blood!
You feel better.
You feel slightly less thirsty.
The iguana is almost dead.
The iguana barely misses you.
You hit the iguana.
The iguana is almost dead.
The iguana bites you!
You die...

#..## ##.......÷...(#
###.#.###.#######.#####
#........#........÷.#
..# #.##.#########.#
#.# #.##.# #.#
#.####.##.## #.#
.........#.## #.#
#.###...###.#######.#
.......## ##†..l@([.#
.)......# #.#########
#.##.....#.#
..###>..#.# ### #######


You could see an iguana.

Vanquished Creatures
  2 gnolls (D:3)
  4 giant geckos
  An orc (D:3)
  4 goblins
  5 hobgoblins
  11 jackals
  3 quokkas
  A ball python (D:2)
  2 bats (D:2)
  2 giant newts (D:2)
  5 kobolds
  9 rats
49 creatures vanquished.

Notes
Turn   | Place    | Note
--------------------------------------------------------------
     0 | D:1      | dohliylev the Vampire Assassin began the quest for the Orb.
     0 | D:1      | Reached XP level 1. HP: 16/16 MP: 1/1
    44 | D:1      | Reached skill level 6 in Stealth
    59 | D:1      | Found a shimmering altar of Xom.
   232 | D:1      | Reached XP level 2. HP: 22/22 MP: 2/2
   813 | D:2      | Reached skill level 7 in Stealth
  1127 | D:2      | Reached XP level 3. HP: 27/27 MP: 3/3
  1578 | D:3      | Reached skill level 8 in Stealth
  1600 | D:3      | Reached XP level 4. HP: 33/33 MP: 4/4
  1699 | D:3      | Slain by an iguana

Skill      XL: |  1  2  3  4 |
---------------+-------------+-----
Stealth        | 6 7 8 |  8.2
Fighting       | 2 |  2.0
Short Blades   | |  2.3
Throwing       | |  1.6
Dodging        | |  1.3

Action                   |  1- 3 |  4- 6 || total
-------------------------+-------+-------++-------
Melee: Dagger            |   128 |     9 ||   137
       Bite              |    11 |     3 ||    14
 Fire: Blowgun           |       |     4 ||     4
 Abil: End Transformatio |       |     1 ||     1
       Bat Form          |       |     1 ||     1
 Stab: Sleeping          |    18 |       ||    18
Armor: Robe              |    30 |     1 ||    31
Dodge: Dodged            |    83 |     7 ||    90
